% Time on Ice - PORTLAND PIRATES
Lines # - Real PCT - Wanted PCT - Time Play
Normal Forward
1 - 36% - 36% - 17:22
2 - 31% - 36% - 15:01
3 - 19% - 23% - 9:05
4 - 13% - 5% - 6:28
Normal Defense
1 - 33% - 35% - 15:36
2 - 36% - 35% - 17:23
3 - 29% - 25% - 13:43
4 - 3% - 5% - 1:14
PP Forward
1 - 51% - 60% - 3:01
2 - 49% - 40% - 2:56
PP Defense
1 - 55% - 60% - 3:16
2 - 45% - 40% - 2:41
PK Forward
1 - 83% - 60% - 5:06
2 - 17% - 40% - 1:01
PK Defense
1 - 61% - 60% - 3:45
2 - 39% - 40% - 2:22
PK3 Forward
1 - 0% - 60%
2 - 0% - 40%
PK3 Defense
1 - 0% - 60%
2 - 0% - 40%
44 Forward
1 - 0% - 60%
2 - 0% - 40%
44 Defense
1 - 0% - 60%
2 - 0% - 40%
Last Minute Offensive  - 0:00
Last Minute Defensive  - 0:00
Total
Forward - 60:00
Defense - 60:00
% Time on Ice - SACRAMENTO BANDITS
Lines # - Real PCT - Wanted PCT - Time Play
Normal Forward
1 - 34% - 40% - 16:28
2 - 36% - 40% - 17:01
3 - 21% - 20% - 10:07
4 - 9% - 0% - 4:20
Normal Defense
1 - 38% - 50% - 18:24
2 - 38% - 50% - 18:24
3 - 23% - 0% - 11:08
4 - 0% - 0% - 0:00
PP Forward
1 - 46% - 55% - 2:49
2 - 54% - 45% - 3:18
PP Defense
1 - 57% - 65% - 3:30
2 - 43% - 35% - 2:37
PK Forward
1 - 52% - 55% - 3:07
2 - 48% - 45% - 2:50
PK Defense
1 - 48% - 55% - 2:50
2 - 52% - 45% - 3:07
PK3 Forward
1 - 0% - 55%
2 - 0% - 45%
PK3 Defense
1 - 0% - 55%
2 - 0% - 45%
44 Forward
1 - 0% - 55%
2 - 0% - 45%
44 Defense
1 - 0% - 55%
2 - 0% - 45%
Last Minute Offensive  - 0:00
Last Minute Defensive  - 0:00
Total
Forward - 60:00
Defense - 60:00
Play-by-Play 1st period 0:01 of 1st period - John Tavares wins face-off versus Jonathan Toews in neutral zone. 0:08 of 1st period - Icing by Travis Konecny. 0:09 of 1st period - Aleksander Barkov wins face-off versus Gabriel Landeskog in PORTLAND PIRATES zone. 0:09 of 1st period - Aleksander Barkov is hit by Thomas Chabot. 0:11 of 1st period - Shot by Sam Reinhart. 0:11 of 1st period - Shot Misses the Net. 0:13 of 1st period - Shot by Filip Hronek. 0:13 of 1st period - Stopped by Ben Bishop without a rebound. 0:14 of 1st period - Lars Eller wins face-off versus Robert Thomas in PORTLAND PIRATES zone. 1:59 of 1st period - Shot by Yanni Gourde. 1:59 of 1st period - Deflect By Jason Dickinson. 1:59 of 1st period - Shot Misses the Net. 2:01 of 1st period - Shot by Alec Martinez. 2:01 of 1st period - Stopped by Andrei Vasilevskiy with a rebound. 2:15 of 1st period - Shot by Travis Konecny. 2:15 of 1st period - Stopped by Andrei Vasilevskiy without a rebound. 2:16 of 1st period - John Tavares wins face-off versus Travis Konecny in SACRAMENTO BANDITS zone. 2:31 of 1st period - Shot by John Tavares. 2:31 of 1st period - Shot Misses the Net. 2:33 of 1st period - Shot by Jonathan Huberdeau. 2:33 of 1st period - Shot Blocked by Gabriel Landeskog. 2:50 of 1st period - Minor Penalty to John Tavares for Roughing. 2:51 of 1st period - Robert Thomas wins face-off versus Lars Eller in SACRAMENTO BANDITS zone. 2:56 of 1st period - Shot by Chandler Stephenson. 2:56 of 1st period - Shot Blocked by Filip Hronek. 2:58 of 1st period - Shot by Rasmus Ristolainen. 2:58 of 1st period - Shot Blocked by Ryan Suter. 3:00 of 1st period - Shot by Rickard Rakell. 3:00 of 1st period - Deflect By Robert Thomas. 3:00 of 1st period - Stopped by Andrei Vasilevskiy without a rebound. 3:01 of 1st period - Lars Eller wins face-off versus Jonathan Toews in SACRAMENTO BANDITS zone. 5:32 of 1st period - Shot by Alexander Steen. 5:32 of 1st period - Shot Blocked by Michael Amadio. 5:34 of 1st period - Shot by Alexander Steen. 5:34 of 1st period - Goal by Alexander Steen - PORTLAND PIRATES : 0 - SACRAMENTO BANDITS : 1. 5:35 of 1st period - Jonathan Toews wins face-off versus Lars Eller in neutral zone. 5:54 of 1st period - Shot by Gabriel Landeskog. 5:54 of 1st period - Shot Misses the Net. 5:56 of 1st period - Shot by Travis Konecny. 5:56 of 1st period - Stopped by Andrei Vasilevskiy without a rebound. 5:57 of 1st period - John Tavares wins face-off versus Robert Thomas in SACRAMENTO BANDITS zone. 6:30 of 1st period - Shot by Robert Thomas. 6:30 of 1st period - Stopped by Andrei Vasilevskiy without a rebound. 6:31 of 1st period - Jonathan Toews wins face-off versus Aleksander Barkov in SACRAMENTO BANDITS zone. 6:38 of 1st period - Shot by Gabriel Landeskog. 6:38 of 1st period - Shot Misses the Net. 7:00 of 1st period - Shot by Aleksander Barkov. 7:00 of 1st period - Stopped by Ben Bishop with a rebound. 7:02 of 1st period - Shot by Mattias Ekholm. 7:02 of 1st period - Shot Blocked by Rasmus Ristolainen. 7:35 of 1st period - John Carlson is hit by Brett Pesce and loses puck. 7:53 of 1st period - Brock Boeser is hit by Thomas Chabot and loses puck. 8:13 of 1st period - Jonathan Huberdeau is hit by Brett Pesce. 8:46 of 1st period - Icing by Joel Edmundson. 8:47 of 1st period - Robert Thomas wins face-off versus Lars Eller in SACRAMENTO BANDITS zone. 8:56 of 1st period - Shot by Brett Connolly. 8:56 of 1st period - Stopped by Andrei Vasilevskiy without a rebound. 8:57 of 1st period - Zach Parise wins face-off versus Jonathan Toews in SACRAMENTO BANDITS zone. 9:52 of 1st period - Shot by Brock Boeser. 9:52 of 1st period - Shot Misses the Net. 10:21 of 1st period - Icing by Travis Hamonic. 10:22 of 1st period - Jonathan Toews wins face-off versus Aleksander Barkov in PORTLAND PIRATES zone. 10:39 of 1st period - Patrik Laine is hit by Gabriel Landeskog and loses puck. 10:58 of 1st period - Shot by Patrik Laine. 10:58 of 1st period - Shot Misses the Net. 12:45 of 1st period - Off-side. 12:46 of 1st period - Michael Amadio wins face-off versus Aleksander Barkov in neutral zone. 13:00 of 1st period - Shot by Michael Amadio. 13:00 of 1st period - Shot Misses the Net. 13:02 of 1st period - Shot by Jason Dickinson. 13:02 of 1st period - Deflect By Michael Amadio. 13:02 of 1st period - Stopped by Andrei Vasilevskiy without a rebound. 13:03 of 1st period - Lars Eller wins face-off versus Chandler Stephenson in SACRAMENTO BANDITS zone. 13:03 of 1st period - Lars Eller is hit by Jason Dickinson. 13:18 of 1st period - Chandler Stephenson is hit by Joel Edmundson and loses puck. 13:44 of 1st period - Icing by P.K. Subban. 13:45 of 1st period - Lars Eller wins face-off versus Robert Thomas in SACRAMENTO BANDITS zone. 14:21 of 1st period - Shot by Brett Connolly. 14:21 of 1st period - Stopped by Andrei Vasilevskiy with a rebound. 14:23 of 1st period - Shot by Brett Connolly. 14:23 of 1st period - Stopped by Andrei Vasilevskiy with a rebound. 14:25 of 1st period - Shot by Brett Connolly. 14:25 of 1st period - Stopped by Andrei Vasilevskiy without a rebound. 14:26 of 1st period - John Tavares wins face-off versus Jonathan Toews in SACRAMENTO BANDITS zone. 14:51 of 1st period - Shot by Jonathan Toews. 14:51 of 1st period - Shot Blocked by John Carlson. 14:54 of 1st period - Icing by Brock Boeser. 14:55 of 1st period - John Tavares wins face-off versus Chandler Stephenson in SACRAMENTO BANDITS zone. 15:47 of 1st period - Shot by Aleksander Barkov. 15:47 of 1st period - Deflect By Sam Reinhart. 15:47 of 1st period - Stopped by Ben Bishop without a rebound. 15:48 of 1st period - Robert Thomas wins face-off versus Lars Eller in PORTLAND PIRATES zone. 16:04 of 1st period - Icing by Thomas Chabot. 16:05 of 1st period - Robert Thomas wins face-off versus Aleksander Barkov in PORTLAND PIRATES zone. 16:27 of 1st period - Shot by Patrik Laine. 16:27 of 1st period - Shot Misses the Net. 16:29 of 1st period - Shot by Joel Edmundson. 16:29 of 1st period - Shot Blocked by Brett Pesce. 16:34 of 1st period - Sam Reinhart is hit by Thomas Chabot and loses puck. 18:03 of 1st period - Off-side. 18:04 of 1st period - Lars Eller wins face-off versus Chandler Stephenson in neutral zone. 18:38 of 1st period - Shot by Jason Dickinson. 18:38 of 1st period - Shot Misses the Net. 18:40 of 1st period - Shot by Yanni Gourde. 18:40 of 1st period - Stopped by Andrei Vasilevskiy without a rebound. 18:41 of 1st period - Jonathan Toews wins face-off versus Aleksander Barkov in SACRAMENTO BANDITS zone. 18:44 of 1st period - Shot by Travis Konecny. 18:44 of 1st period - Stopped by Andrei Vasilevskiy without a rebound. 18:45 of 1st period - Brett Connolly wins face-off versus Aleksander Barkov in SAC